[Event "Early-Titled-Tuesday-Blitz-June-18-2024"]
[Site "Chess.com"]
[Date "2024.06.18"]
[Round "5"]
[White "RobertoJBM"]
[Black "maximnovik"]
[Result "0-1"]
[WhiteElo "2784"]
[BlackElo "2543"]
[TimeControl "180+1"]
[EndTime "8:56:42 PDT"]
[Termination "maximnovik won by resignation"]

1. d4 Nf6 2. Nf3 g6 3. b3 Bg7 4. Bb2 d5 5. e3 Ne4 6. Qc1 O-O 7. Be2 c5 8. dxc5 Qa5+ 9. Nbd2 Nd7 10. Bxg7 Kxg7 11.
Qb2+ Qc3 12. Qxc3+ Nxc3 13. Nb1 Nxb1 14. Rxb1 Nxc5 15.
O-O Ne4 16. Bd3 Nc3 17. Rb2 Bd7 18. Nd2 e5 19. Nb1 Rac8 20. Nxc3 Rxc3 21. Rd1 Rfc8 22. f3 Be6 23. Kf2 f5 24. Rd2 e4 25. fxe4 dxe4 26.
Bf1 Kf6 27. g3 Ke5 28. Be2 g5 29. Bd1 f4 30. exf4+ gxf4 31. gxf4+ Kxf4 32. Rd6 Bf5 33. Ke1 e3 34. b4 Rg8 35. Rd4+ Ke5 36. Rh4 Rg1+ 37.
Ke2 Bg4+ 38. Rxg4 Rxg4 0-1

[Event "Early-Titled-Tuesday-Blitz-June-18-2024"]
[Site "Chess.com"]
[Date "2024.06.18"]
[Round "5"]
[White "Resignify"]
[Black "RamonManon0g"]
[Result "0-1"]
[WhiteElo "2305"]
[BlackElo "2452"]
[TimeControl "180+1"]
[EndTime "8:56:44 PDT"]
[Termination "RamonManon0g won on time"]

1. e4 c5 2. Nc3 d6 3. g3 Nc6 4. Bg2 Nf6 5. d3 g6 6. f4 Bg7 7. Nf3 O-O 8. O-O Rb8 9. a3 b5 10. h3 a5 11. Rb1 b4 12. axb4 axb4 13. Ne2 Bb7 14. g4 h5 15. g5 Ne8 16. f5 Ne5 17. Nf4 Nxf3+ 18. Qxf3 Bd4+ 19. Kh1 Ng7 20. Bd2 Nxf5 21.
c3 Be5 22. Qf2 Ng7 23. d4 cxd4 24. cxd4 Bxf4 25. Qxf4 Ba6 26. Rf2 Ne6 27. Qe3 Qb6 28. d5 Qxe3 29. Bxe3 Nc5 0-1

[Event "Early-Titled-Tuesday-Blitz-June-18-2024"]
[Site "Chess.com"]
[Date "2024.06.18"]
[Round "5"]
[White "Gryffindorac8"]
[Black "MaestroCheck"]
[Result "1-0"]
[WhiteElo "2486"]
[BlackElo "2629"]
[TimeControl "180+1"]
[EndTime "8:56:46 PDT"]
[Termination "Gryffindorac8 won on time"]

1. d4 Nf6 2. c4 e6 3. Nf3 d5 4.
g3 dxc4 5. Bg2 c6 6. O-O b5 7. Ne5 Bb7 8. a4 a6 9. b3 cxb3 10. Qxb3 Bd6 11. Nc3 b4 12. Ne4 Nxe4 13. Bxe4 O-O 14. a5 Nd7 15. Nc4 Be7 16. Bd2 Nf6 17. Bg2 Qxd4 18. Bxb4 Bxb4 19. Qxb4 Rab8 20. Rfd1 Qg4 21.
Bf3 1-0

[Event "Early-Titled-Tuesday-Blitz-June-18-2024"]
[Site "Chess.com"]
[Date "2024.06.18"]
[Round "5"]
[White "zverr1"]
[Black "cycygogne"]
[Result "1-0"]
[WhiteElo "2547"]
[BlackElo "2214"]
[TimeControl "180+1"]
[EndTime "8:56:48 PDT"]
[Termination "zverr1 won by resignation"]

1. d4 Nf6 2. c4 c5 3. d5 e6 4.
Nc3 exd5 5. cxd5 d6 6. e4 g6 7. f4 Bg7 8. Bb5+ Nfd7 9. Bd3 a6 10. a4 O-O 11. Nf3 c4 12. Bxc4 Nc5 13. O-O f5 14. e5 Qc7 15. Qe2 Nbd7 16. b4 Ne4 17. Nxe4 fxe4 18. Qxe4 Nb6 19. Bb3 Bf5 20. Qe3 Nc4 21.
Qc3 b5 22. Bxc4 bxc4 23. Bb2 Qb6+ 24. Kh1 Bd3 25. Ng5 dxe5 26. Ne6 Rf7 27. Nxg7 Rxg7 28. Qxe5 Qc7 29. Qxg7+ Qxg7 30. Bxg7 Kxg7 31. Rfe1 Rd8 32. Re7+ Kf6 33. Re6+ Kf5 34. Rxa6 Rxd5 35. Rc6 Kxf4 36. a5 Rd8 37. a6 Ke3 38. a7 Ra8 39. b5 c3 40.
Rxc3 Kd4 41. Rxd3+ Kxd3 42. b6 1-0

[Event "Early-Titled-Tuesday-Blitz-June-18-2024"]
[Site "Chess.com"]
[Date "2024.06.18"]
[Round "5"]
[White "xakevicius91"]
[Black "Qvalda"]
[Result "1-0"]
[WhiteElo "2636"]
[BlackElo "2456"]
[TimeControl "180+1"]
[EndTime "8:56:50 PDT"]
[Termination "xakevicius91 won on time"]

1. e4 e6 2. d4 d5 3. Nd2 c5 4. exd5 Qxd5 5. Ngf3 cxd4 6. Bc4 Qd6 7. O-O Nf6 8. Nb3 Nc6 9. Nbxd4 Nxd4 10. Nxd4 Be7 11.
c3 O-O 12. Qf3 Qc7 13. Bb3 a5 14. a4 Bd7 15. Bf4 Qb6 16. Be5 Rac8 17. Rad1 Rfd8 18. Rfe1 Be8 19. Qh3 h6 20. Qf3 Nd5 21. Bxd5 Rxd5 22. Nf5 Rxd1 23. Nxe7+ Kf8 24. Rxd1 Kxe7 25. Bd6+ Qxd6 26.
Rxd6 Kxd6 27. Qxb7 Rd8 28. Qb6+ Ke7 29. Qc5+ Kf6 30. h3 Bxa4 31. Qxa5 Rd1+ 32. Kh2 Bc2 33. Qc5 Be4 34. b4 Bd5 35. c4 Be4 36. b5 Rc1 37. Qd4+ Kf5 38. b6 Bb7 39. Qxg7 1-0

[Event "Early-Titled-Tuesday-Blitz-June-18-2024"]
[Site "Chess.com"]
[Date "2024.06.18"]
[Round "5"]
[White "KinKaiser"]
[Black "AldokhinIvan"]
[Result "0-1"]
[WhiteElo "2462"]
[BlackElo "2643"]
[TimeControl "180+1"]
[EndTime "8:56:51 PDT"]
[Termination "AldokhinIvan won by resignation"]

1. e4 c5 2. Nf3 e6 3. d4 cxd4 4. Nxd4 a6 5. c4 Qc7 6. Nc3 Nf6 7. Qd3 d6 8. Be2 Be7 9. O-O b6 10. f4 Bb7 11. Be3 Nbd7 12. Rac1 Nc5 13. Qb1 Ncxe4 14. Bf3 Nxc3 15. Rxc3 O-O 16. f5 e5 17. Nb3 Rac8 18.
Qe1 Bxf3 19. Rxf3 Qb7 20. Rh3 Qe4 21. Qf2 d5 22. Bxb6 dxc4 23. Nd2 Qg4 24. Rhg3 Qd1+ 25.
Nf1 Ne4 26. Qf3 Qxf3 27. Rcxf3 Nxg3 28. Nxg3 Rb8 29. Bc7 Rxb2 30. Bxe5 Rxa2 31. f6 Bxf6 32. Bxf6 gxf6 33. Nh5 Rc8 34. Nxf6+ Kh8 35. Rh3 Kg7 36. Nh5+ Kf8 37. Nf6 c3 38. Rxh7 Ke7 0-1

[Event "Early-Titled-Tuesday-Blitz-June-18-2024"]
[Site "Chess.com"]
[Date "2024.06.18"]
[Round "5"]
[White "sleeping_in_the_fire"]
[Black "Ginger_GM"]
[Result "0-1"]
[WhiteElo "2457"]
[BlackElo "2637"]
[TimeControl "180+1"]
[EndTime "8:56:51 PDT"]
[Termination "Ginger_GM won by checkmate"]

1. d4 e6 2. e4 d5 3. Nc3 Bb4 4. Ne2 Nc6 5. a3 Ba5 6. b4 Bb6 7. exd5 exd5 8. Na4 Nf6 9. Bg5 O-O 10. Nc5 Re8 11. Qd2 h6 12. Bh4 Bxc5 13. dxc5 g5 14. Bxg5 hxg5 15. Qxg5+ Kh8 16. O-O-O Be6 17. Nf4 Nh7 18. Qh6 Qf6 19. Qxf6+ Nxf6 20. g3 a5 21. b5 Ne5 22. Bg2 Nc4 23. a4 c6 24. b6 Nd7 25.
Rhe1 Nxc5 26. Rd4 Nxa4 27. Nxe6 Rxe6 28. Rh4+ Kg7 29. Rg4+ Kf8 30. Rd1 Nc3 31. Rf1 a4 32.
Bh3 a3 33. Rh4 Ree8 34. Rh8+ Kg7 35. Re1 Rxe1# 0-1

[Event "Early-Titled-Tuesday-Blitz-June-18-2024"]
[Site "Chess.com"]
[Date "2024.06.18"]
[Round "5"]
[White "stolencandy13"]
[Black "MaxLeto"]
[Result "1-0"]
[WhiteElo "2637"]
[BlackElo "2459"]
[TimeControl "180+1"]
[EndTime "8:56:51 PDT"]
[Termination "stolencandy13 won by resignation"]

1. d4 g6 2. Bf4 Bg7 3. Nc3 d6 4. e4 Nc6 5. Nf3 Bg4 6. d5 Nd4 7. h3 Bxf3 8. gxf3 e5 9. dxe6 Nxe6 10. Be3 Qh4 11. Qd2 Ne7 12. O-O-O a6 13. f4 O-O-O 14. Bc4 Rhe8 15. Nd5 Nxd5 16. Bxd5 Qf6 17. Qb4 c6 18.
Bc4 a5 19. Qb6 Nc5 20. e5 Nd7 21. exf6 Bxf6 1-0

[Event "Early-Titled-Tuesday-Blitz-June-18-2024"]
[Site "Chess.com"]
[Date "2024.06.18"]
[Round "5"]
[White "ninguno46"]
[Black "jamengrand"]
[Result "1-0"]
[WhiteElo "2564"]
[BlackElo "2302"]
[TimeControl "180+1"]
[EndTime "8:56:51 PDT"]
[Termination "ninguno46 won by resignation"]

1. e4 e5 2. Nf3 Nc6 3. Nc3 Nf6 4. Bb5 Nd4 5. Bc4 c6 6. Nxe5 Bc5 7. O-O O-O 8. Nd3 Bb6 9. e5 d5 10. Bb3 Ng4 11. h3 Qh4 12. Kh1 Re8 13. Ne2 Nxe5 14.
Nxe5 Rxe5 15. Ng1 Nf5 16. Nf3 Qh6 17. d4 Ne3 18. Nxe5 Bxh3 19. Bxe3 Bxg2+ 20. Kxg2 Qg6+ 21. Nxg6 1-0

[Event "Early-Titled-Tuesday-Blitz-June-18-2024"]
[Site "Chess.com"]
[Date "2024.06.18"]
[Round "5"]
[White "Senn71"]
[Black "GlavkonVVS"]
[Result "0-1"]
[WhiteElo "2341"]
[BlackElo "2534"]
[TimeControl "180+1"]
[EndTime "8:56:53 PDT"]
[Termination "GlavkonVVS won by resignation"]

1. e4 Nf6 2. e5 Nd5 3. d4 d6 4. Nf3 Bg4 5. h3 Bh5 6. Be2 e6 7. O-O Be7 8. exd6 cxd6 9. c4 Nb6 10. Nc3 O-O 11. a4 a5 12. b3 d5 13. c5 Bxf3 14.
Bxf3 Nc8 15. Bf4 Nc6 16. Qd2 b6 17. cxb6 Qxb6 18. Nb5 Bf6 19. Be3 N8a7 20. Nxa7 Rxa7 21. Rab1 Bxd4 22. Rfe1 Rb8 23. Bd1 Rc7 24. Rc1 Bxe3 25. Rxe3 Rbc8 26. Rg3 Ne7 27. Rxc7 Qxc7 28. Qg5 Nf5 29.
Rd3 Qc1 30. Qh5 g6 31. Qe2 Qa1 32. Kh2 Rc1 33. g4 Nd6 34. f3 Qf6 35. Qd2 Rb1 36. Qxa5 Qf4+ 37. Kh1 Rb2 0-1

[Event "Early-Titled-Tuesday-Blitz-June-18-2024"]
[Site "Chess.com"]
[Date "2024.06.18"]
[Round "5"]
[White "Adar_07"]
[Black "GOGIEFF"]
[Result "0-1"]
[WhiteElo "2806"]
[BlackElo "3020"]
[TimeControl "180+1"]
[EndTime "8:56:58 PDT"]
[Termination "GOGIEFF won by resignation"]

1. e4 c5 2. Nf3 d6 3. d4 cxd4 4. Nxd4 Nf6 5. Nc3 a6 6. Bg5 Nbd7 7. Bc4 Qb6 8. Bb3 e6 9. Qd2 Nc5 10. Bxf6 gxf6 11. O-O-O Bd7 12. f4 h5 13. Kb1 Bh6 14. Rhf1 O-O-O 15. Qe2 Rde8 16. f5 Qd8 17. Qxh5 Bf4 18.
Qf3 Be5 19. h3 Kb8 20. Rh1 Qb6 21. fxe6 fxe6 22. Nde2 Bc6 23. h4 f5 24. Qe3 fxe4 25.
h5 Na4 26. Qxb6 Nxb6 27. g4 d5 28. g5 Reg8 29. g6 Nd7 30. Nxe4 dxe4 31. Bxe6 e3 32. Bxg8 Bxh1 33. Bd5 Bxd5 34. Rxd5 Rxh5 35. c3 Kc7 36. g7 Rh1+ 37. Kc2 Bxg7 38. Nf4 Be5 39. Nd3 Rh2+ 40. Kd1 e2+ 41. Kd2 Bg3 42. Nc5 0-1

[Event "Early-Titled-Tuesday-Blitz-June-18-2024"]
[Site "Chess.com"]
[Date "2024.06.18"]
[Round "5"]
[White "Witik"]
[Black "tomesao"]
[Result "1-0"]
[WhiteElo "2811"]
[BlackElo "2528"]
[TimeControl "180+1"]
[EndTime "8:56:58 PDT"]
[Termination "Witik won by resignation"]

1. d4 Nf6 2. Bf4 d5 3. e3 e6 4.
Nd2 c5 5. c3 Nc6 6. Bd3 Bd6 7.
Bxd6 Qxd6 8. f4 O-O 9. Ngf3 b6 10. Ne5 a5 11. Qe2 Ne7 12. O-O Bb7 13. Rad1 Ne4 14.
Bxe4 dxe4 15. dxc5 bxc5 16. Nxe4 Ba6 17. Nf6+ Kh8 18.
Qh5 gxf6 19. Nxf7+ Rxf7 20. Rxd6 Rg7 21. Rfd1 Rag8 22.
g3 Bb7 23. Rd8 Nf5 24. Kf2 Bd5 25. Rxg8+ Rxg8 26. Qf7 Rg6 27. Qf8+ Rg8 28. Qxf6+ Rg7 29. e4 Nd6 30. Qf8+ Rg8 31. Qxd6 1-0

[Event "Early-Titled-Tuesday-Blitz-June-18-2024"]
[Site "Chess.com"]
[Date "2024.06.18"]
[Round "5"]
[White "santosalberto1987"]
[Black "Bkmzzzzz"]
[Result "0-1"]
[WhiteElo "2580"]
[BlackElo "2396"]
[TimeControl "180+1"]
[EndTime "8:56:59 PDT"]
[Termination "Bkmzzzzz won by checkmate"]

1. e4 d6 2. d4 Nf6 3. Nc3 e5 4. Nf3 Nbd7 5. Bc4 Be7 6. g4 O-O 7. g5 Ne8 8. h4 c6 9. Be3 b5 10. Bb3 a5 11. a4 b4 12. Ne2 Qc7 13. h5 c5 14. dxc5 Nxc5 15. Bd5 Bb7 16. g6 Bxd5 17. Qxd5 Nf6 18. gxf7+ Rxf7 19. Qc4 Nfxe4 20. O-O-O Rf8 21.
Nh4 Bxh4 22. Rxh4 Nf6 23. Rg1 Nxa4 24. Qe6 Re8 25. Qa2 Nc5 26. Rh3 b3 27. Qa3 Nd3+ 28. Kb1 Qxc2+ 29. Ka1 Qxe2 30. Qxd6 Qxb2# 0-1

[Event "Early-Titled-Tuesday-Blitz-June-18-2024"]
[Site "Chess.com"]
[Date "2024.06.18"]
[Round "5"]
[White "HansOnTwitch"]
[Black "kleinebeer98"]
[Result "0-1"]
[WhiteElo "3156"]
[BlackElo "2965"]
[TimeControl "180+1"]
[EndTime "8:57:00 PDT"]
[Termination "kleinebeer98 won by resignation"]

1. e4 e5 2. Nf3 Nc6 3. Bc4 Nf6 4. d3 h6 5. a4 d6 6. Nc3 g5 7. h3 Bg7 8. Be3 Qe7 9. a5 a6 10. g4 Be6 11. Qd2 O-O-O 12. Nd5 Bxd5 13. exd5 Nd4 14. Bxd4 exd4+ 15. Kf1 Nd7 16. Kg2 f5 17. Rae1 Qf7 18.
Re6 fxg4 19. hxg4 Rdf8 20. Qe2 Ne5 21. Nxd4 Nxc4 22. Nf5 Ne5 23. Re1 h5 24. d4 hxg4 25.
Ne7+ Kb8 26. dxe5 Bxe5 27. Rxe5 dxe5 28. Nc6+ bxc6 29. dxc6 Qf3+ 30. Qxf3 gxf3+ 0-1

[Event "Early-Titled-Tuesday-Blitz-June-18-2024"]
[Site "Chess.com"]
[Date "2024.06.18"]
[Round "5"]
[White "the_chess_child"]
[Black "Korchmar_Vasiliy"]
[Result "1-0"]
[WhiteElo "2880"]
[BlackElo "2657"]
[TimeControl "180+1"]
[EndTime "8:57:00 PDT"]
[Termination "the_chess_child won on time"]

1. e4 c5 2. Nf3 d6 3. d3 Nc6 4.
g3 g6 5. Bg2 Bg7 6. O-O e5 7.
Nc3 Nge7 8. Nd2 O-O 9. Nc4 f5 10.
f4 Be6 11. Nd5 exf4 12. Bxf4 Bxd5 13. exd5 Ne5 14. c3 b5 15. Ne3 h6 16. Re1 g5 17.
Bxe5 Bxe5 18. d4 cxd4 19. cxd4 Bg7 20. Nc2 Rc8 21. Nb4 Rc4 22. Nc6 Nxc6 23. dxc6 Rxd4 24. Qb3+ Kh8 25. Rac1 f4 26. c7 Qc8 27. Qe6 Qxe6 28. Rxe6 Rc4 29. Rxc4 bxc4 30. Rxd6 Be5 31. Rd8 1-0

[Event "Early-Titled-Tuesday-Blitz-June-18-2024"]
[Site "Chess.com"]
[Date "2024.06.18"]
[Round "5"]
[White "VerdeNotte"]
[Black "aeiiuu"]
[Result "1-0"]
[WhiteElo "2856"]
[BlackElo "2598"]
[TimeControl "180+1"]
[EndTime "8:57:01 PDT"]
[Termination "VerdeNotte won by resignation"]

1. Nf3 Nf6 2. g3 c5 3. Bg2 d5 4. c4 d4 5. b4 cxb4 6. a3 b3 7. O-O Nc6 8. e3 e5 9. exd4 exd4 10. d3 Be7 11. Nbd2 O-O 12. Nxb3 Bg4 13. h3 Bxf3 14. Qxf3 Nd7 15. Re1 Re8 16. Rb1 a5 17. Bb2 Bc5 18. Qd5 Rxe1+ 19. Rxe1 Qb6 20. Qxd7 Qxb3 21. Bxc6 Qxb2 22.
Re8+ Rxe8 23. Qxe8+ Bf8 24. Bd5 h6 25. Qxf7+ 1-0

[Event "Early-Titled-Tuesday-Blitz-June-18-2024"]
[Site "Chess.com"]
[Date "2024.06.18"]
[Round "5"]
[White "TreinadorBR"]
[Black "AlexanderKing"]
[Result "0-1"]
[WhiteElo "2334"]
[BlackElo "2526"]
[TimeControl "180+1"]
[EndTime "8:57:05 PDT"]
[Termination "AlexanderKing won by resignation"]

1. e4 e5 2. Nf3 Nc6 3. Bc4 Bc5 4. c3 Nf6 5. d3 d6 6. Bb3 O-O 7. Nbd2 a5 8. h3 h6 9. Nf1 Re8 10. Ng3 Be6 11. Bc2 d5 12. Qe2 a4 13. O-O d4 14.
Nh4 a3 15. b4 Bf8 16. b5 Na7 17. c4 c6 18. b6 Nc8 19. Nhf5 Nxb6 20. Qf3 Nbd7 21.
Nh5 Nxh5 22. Qxh5 g6 23. Nxh6+ Kh7 24. Bg5 gxh5 25. Bxd8 Rexd8 26. Nf5 Bxf5 27. exf5 Nc5 28.
Rae1 f6 29. Re2 b5 30. cxb5 cxb5 31. f4 Bd6 32. fxe5 Bxe5 33. g4 hxg4 34. hxg4 Kg7 35.
Kg2 Rh8 36. Rh1 Rxh1 37. Kxh1 Rh8+ 38. Kg1 b4 39. Bd1 Kh6 40. Rh2+ Bxh2+ 0-1

[Event "Early-Titled-Tuesday-Blitz-June-18-2024"]
[Site "Chess.com"]
[Date "2024.06.18"]
[Round "5"]
[White "Eduard_Limonov"]
[Black "djano"]
[Result "1-0"]
[WhiteElo "2937"]
[BlackElo "2641"]
[TimeControl "180+1"]
[EndTime "8:57:08 PDT"]
[Termination "Eduard_Limonov won by resignation"]

1. e4 c5 2. Nf3 g6 3. c3 d5 4. e5 Nc6 5. d4 Bg4 6. Be2 Bg7 7. O-O cxd4 8. cxd4 f6 9. Nc3 fxe5 10. Nxe5 Bxe2 11. Nxc6 bxc6 12. Nxe2 Nf6 13. Nf4 Qd6 14. Re1 O-O 15. Ne6 Rf7 16. Bf4 Qb4 17. Nxg7 Kxg7 18. Qc2 Rc8 19. Be5 Kg8 20. a3 Qa5 21. b4 Qb6 22. Qc5 Ne4 23. Qxb6 axb6 24. f3 Nd2 25. a4 e6 26. a5 bxa5 27. bxa5 Ra7 28. Ra4 Rca8 29.
Bf4 Nb3 30. Rxe6 Rxa5 31. Rb4 Nxd4 32. Rxd4 Rc5 33. Re7 Rc2 34. Rd2 Rc4 35. Be5 Kf8 36. Rxh7 Re8 37. f4 Re6 38. Ra2 Rc1+ 39. Kf2 Re8 40.
Rh8+ Kf7 41. Ra7+ Re7 42. Rh7+ Ke6 43. Raxe7+ Kf5 44. Bd6 Kg4 45. h3+ Kf5 46. g4+ 1-0

[Event "Early-Titled-Tuesday-Blitz-June-18-2024"]
[Site "Chess.com"]
[Date "2024.06.18"]
[Round "5"]
[White "Likvidator228"]
[Black "Shield12"]
[Result "0-1"]
[WhiteElo "2538"]
[BlackElo "2883"]
[TimeControl "180+1"]
[EndTime "8:57:09 PDT"]
[Termination "Shield12 won by resignation"]

1. d4 Nf6 2. Nf3 e6 3. Bf4 b6 4. e3 Bb7 5. h3 g6 6. Nbd2 Bg7 7. a4 O-O 8. a5 d6 9. axb6 axb6 10. Rxa8 Bxa8 11.
Be2 Nbd7 12. O-O Qe7 13. Bh2 e5 14. c3 exd4 15. exd4 Ne4 16. Nxe4 Qxe4 17. Bd3 Qd5 18. Re1 b5 19. Qe2 b4 20. Be4 Qxe4 21. Qxe4 Bxe4 22. Rxe4 Rb8 23. Bf4 Kf8 24. Kf1 bxc3 25. bxc3 Nb6 26. Bd2 Nc4 27. Be1 Rb1 28. g4 Bf6 29. Ke2 d5 30.
Rf4 Be7 31. Ne5 Rb2+ 32. Kd3 Nd6 33. Rf3 Bg5 34. c4 Rb3+ 35. Ke2 dxc4 36. Rxb3 cxb3 37. Kd3 Ke7 38. Kc3 f6 39. Nf3 Bf4 40. Kxb3 Ke6 41.
Kc3 Kd5 42. Kd3 f5 43. Bd2 Bxd2 44. Nxd2 Ne4 45. f3 Nxd2 46. Kxd2 Kxd4 47. h4 fxg4 48.
fxg4 Ke4 49. h5 g5 0-1

[Event "Early-Titled-Tuesday-Blitz-June-18-2024"]
[Site "Chess.com"]
[Date "2024.06.18"]
[Round "5"]
[White "dealshark"]
[Black "ozates"]
[Result "0-1"]
[WhiteElo "2451"]
[BlackElo "2630"]
[TimeControl "180+1"]
[EndTime "8:57:10 PDT"]
[Termination "ozates won on time"]

1. e4 c5 2. Nf3 Nc6 3. d4 cxd4 4. Nxd4 e5 5. Nf5 d5 6. Ng3 d4 7. Bc4 h5 8. c3 h4 9. Ne2 h3 10. g3 Bg4 11. Qb3 Qd7 12. cxd4 Bxe2 13. Bxe2 Nxd4 14. Qd1 Rc8 15. Nc3 Nf6 16. O-O a6 17. Bg5 Bc5 18. Bxf6 gxf6 19. Bg4 Ne6 20. Nd5 Rh6 21. Qd2 Rg6 22. Bf5 Be7 23. Bxg6 fxg6 24. Rac1 Nd4 25. Rxc8+ Qxc8 26. Qh6 Qg4 27. Qh8+ Kd7 28. f3 Nxf3+ 29. Kf2 Bc5+ 30. Ne3 Qxe4 31. Rd1+ Bd4 32. Qg7+ Kc8 33. Rc1+ Kb8 34. Qc7+ Ka7 0-1

[Event "Early-Titled-Tuesday-Blitz-June-18-2024"]
[Site "Chess.com"]
[Date "2024.06.18"]
[Round "5"]
[White "Mysterio47"]
[Black "Polish_fighter3000"]
[Result "0-1"]
[WhiteElo "2833"]
[BlackElo "3077"]
[TimeControl "180+1"]
[EndTime "8:57:11 PDT"]
[Termination "Polish_fighter3000 won by resignation"]

1. e4 c5 2. Nf3 e6 3. d4 cxd4 4.
Nxd4 Nf6 5. Nc3 d6 6. Be3 Be7 7.
f4 O-O 8. Qe2 a6 9. O-O-O Qc7 10. g4 b5 11. g5 Nfd7 12. a3 Bb7 13. f5 exf5 14. Nxf5 Ne5 15. Rg1 Re8 16. h4 Nbd7 17.
h5 Rac8 18. Bd4 Bf8 19. Bh3 Nc5 20. Kb1 Ne6 21. Be3 Nc4 22. Bc1 g6 23. Nh6+ Bxh6 24.
gxh6 Nxa3+ 25. bxa3 Qxc3 26. Bxe6 Rxe6 27. Bb2 Qc4 28.
hxg6 Qxe2 29. gxh7+ Kxh7 30. Rg7+ Kxh6 31. Rh1+ Qh5 32.
Rxh5+ Kxh5 33. Rxf7 Bxe4 34. Rf2 d5 35. Bd4 Rxc2 36. Rxc2 Rc6 0-1

[Event "Early-Titled-Tuesday-Blitz-June-18-2024"]
[Site "Chess.com"]
[Date "2024.06.18"]
[Round "5"]
[White "TheAlienParty"]
[Black "LLariMarc"]
[Result "1-0"]
[WhiteElo "2338"]
[BlackElo "2482"]
[TimeControl "180+1"]
[EndTime "8:57:11 PDT"]
[Termination "TheAlienParty won by resignation"]

1. c4 f5 2. Nc3 Nf6 3. e4 fxe4 4. g4 g6 5. g5 Nh5 6. Nxe4 Bg7 7. Bg2 O-O 8. Ne2 d6 9. d4 e5 10. d5 Bg4 11. a4 Nd7 12. Ra3 Bxe2 13. Qxe2 Nf4 14. Qg4 Nc5 15. Nxc5 dxc5 16. Be4 Qd6 17. h4 Nh5 18. O-O a5 19. Rb3 b6 20. Re1 Rf7 21. Ree3 Raf8 22. Rf3 Rxf3 23. Rxf3 Rxf3 24. Bxf3 Nf4 25.
Be4 Bf8 26. Bd2 Kg7 27. Bc3 Kf7 28. Kh2 h5 29. gxh6 Bxh6 30. Kg3 Nh5+ 31. Kg2 Nf6 32. Qxg6+ Ke7 33. Bf5 Ne8 34. Be6 Bg7 35. h5 Kd8 36. h6 Bf6 37. h7 Qf8 38. Bf7 Ke7 39. Bxe8 Qxe8 40. Qxe8+ Kxe8 41. Kf3 Kf7 42. Ke4 1-0

[Event "Early-Titled-Tuesday-Blitz-June-18-2024"]
[Site "Chess.com"]
[Date "2024.06.18"]
[Round "5"]
[White "Dr_Pepper18"]
[Black "Grebnev_A"]
[Result "0-1"]
[WhiteElo "2462"]
[BlackElo "2694"]
[TimeControl "180+1"]
[EndTime "8:57:12 PDT"]
[Termination "Grebnev_A won on time"]

1. d4 Nf6 2. c4 e6 3. Nf3 d5 4. cxd5 exd5 5. Nc3 c6 6. Bg5 Bg4 7. Qb3 Qb6 8. Bxf6 gxf6 9. e3 Bd6 10.
Bd3 Nd7 11. Qc2 Nf8 12. Nh4 Qc7 13. h3 Be6 14. Nf5 Bxf5 15. Bxf5 h6 16. O-O Ne6 17. Rad1 O-O-O 18. e4 dxe4 19. Qxe4 Kb8 20. Bxe6 fxe6 21.
Qxe6 Qg7 22. Qg4 Qf7 23. Qf5 Rhg8 24. Rfe1 Rg5 25. Qf3 Rdg8 26. d5 Qg7 27. g4 h5 28.
dxc6 hxg4 29. hxg4 Rxg4+ 30. Kf1 Rg1+ 31. Ke2 Re8+ 32. Kd2 Qg5+ 33. Kc2 Rgxe1 34. Rxd6 Qc5 35.
Rxf6 R8e2+ 36. Kb3 Qb6+ 37. Kc4 Re8 38. c7+ Qxc7+ 39.
Kb3 a6 40. a3 R1e6 41. Rxe6 Rxe6 42. Qf8+ Ka7 43. Qf4 Rb6+ 44. Ka2 Qxf4 0-1

[Event "Early-Titled-Tuesday-Blitz-June-18-2024"]
[Site "Chess.com"]
[Date "2024.06.18"]
[Round "5"]
[White "only_strong_moves"]
[Black "ulises2013"]
[Result "1/2-1/2"]
[WhiteElo "2662"]
[BlackElo "2863"]
[TimeControl "180+1"]
[EndTime "8:57:13 PDT"]
[Termination "Game drawn by agreement"]

1. Nc3 g6 2. h4 h6 3. h5 g5 4. d4 Bg7 5. e4 c5 6. Be3 Qa5 7. Bc4 Nf6 8. f3 cxd4 9. Bxd4 Nc6 10. Be3 d6 11. Ne2 Be6 12. Bb3 O-O 13. Nd4 Nxd4 14.
Bxd4 Rfd8 15. Qd2 Rac8 16. O-O-O Bxb3 17. axb3 Qa1+ 18. Nb1 Rc6 19. Qb4 Rdc8 20. Bc3 b6 21. Qa3 Qxa3 22. Nxa3 Nd7 23. Bxg7 Kxg7 24. Rd2 a6 25. Nc4 b5 26. Ne3 Kh7 27. Nd5 Re8 28. Nb4 Rb6 29. Nd5 Rb7 30. g3 Nc5 31. b4 Ne6 32. f4 f6 33. e5 dxe5 34. fxe5 f5 35. Ne3 Rf8 36. Rf1 f4 37. gxf4 gxf4 38. Nd5 Rf5 39.
Rdf2 Rxh5 40. Nxf4 Rxe5 41. Nxe6 Rxe6 42. Rf7+ Kg6 43. Rf8 Rf6 44. Rg1+ Kf5 45. Rf1+ Ke6 46. Re1+ Kd7 47. Rh8 Rc7 48. Rh7 Kd6 49. Rd1+ Kc6 50. Re1 e6 51. Rh8 Re7 52. Re5 Kd6 53. Rh5 e5 54. R8xh6 Rxh6 55. Rxh6+ Re6 56. Rh8 Kd5 57.
Kd2 Kc4 58. Rh4+ e4 59. Ke3 Kxb4 60. Rxe4+ Rxe4+ 61. Kxe4 Kc4 62. Ke3 a5 63. Kd2 a4 1/2-1/2

[Event "Early-Titled-Tuesday-Blitz-June-18-2024"]
[Site "Chess.com"]
[Date "2024.06.18"]
[Round "5"]
[White "Zq1"]
[Black "BlackBoarder"]
[Result "0-1"]
[WhiteElo "2514"]
[BlackElo "2732"]
[TimeControl "180+1"]
[EndTime "8:57:14 PDT"]
[Termination "BlackBoarder won by resignation"]

1. d4 Nf6 2. c4 e6 3. g3 d5 4. Bg2 dxc4 5. Nf3 a6 6. O-O Nc6 7. e3 Rb8 8. Qe2 b5 9. b3 cxb3 10.
axb3 Bb7 11. Rd1 Be7 12. Ba3 O-O 13. Bxe7 Qxe7 14. Qb2 Nb4 15. Qa3 c5 16. Rc1 cxd4 17. exd4 Nbd5 18. Ne5 Qxa3 19. Nxa3 Rbc8 20. h3 Rxc1+ 21.
Rxc1 Rc8 22. Rxc8+ Bxc8 23. Kf1 Kf8 24. Ke2 Ke7 25.
Kd2 Bb7 26. Nc2 Nd7 27. Nd3 Kd6 28. Ne3 a5 29. f4 Nxe3 30. Bxb7 Nf5 31. Be4 Nxd4 32. Kc3 Ne2+ 0-1

[Event "Early-Titled-Tuesday-Blitz-June-18-2024"]
[Site "Chess.com"]
[Date "2024.06.18"]
[Round "5"]
[White "IMRosen"]
[Black "DanyKopy"]
[Result "1/2-1/2"]
[WhiteElo "2760"]
[BlackElo "2570"]
[TimeControl "180+1"]
[EndTime "8:57:15 PDT"]
[Termination "Game drawn - insufficient material"]

1. e4 c5 2. Nc3 Nc6 3. Bb5 Nd4 4. Nf3 a6 5. Bd3 Nc6 6. O-O d6 7. a4 Nf6 8. Bc4 Bg4 9. h3 Bxf3 10. Qxf3 Ne5 11. Qe2 Nxc4 12. Qxc4 e6 13. b3 Be7 14. Qe2 O-O 15. Bb2 d5 16. d3 Rc8 17. f4 dxe4 18.
Nxe4 Nxe4 19. Qxe4 Qd5 20. Rae1 Rfe8 21. f5 Qxe4 22. Rxe4 exf5 23. Rxf5 Bf8 24. Rxe8 Rxe8 25. Kf1 f6 26. Rd5 Kf7 27. Rd7+ Re7 28. Rxe7+ Bxe7 29. Ke2 b5 30. axb5 axb5 31. c4 bxc4 32. dxc4 h5 33. Kf3 Ke6 34. g4 hxg4+ 35. hxg4 g6 36. Bc1 f5 37. gxf5+ Kxf5 38. Be3 g5 39. Bd2 Bd6 40.
Kg2 g4 41. Kf2 Ke4 42. Ke2 Be5 43. Be1 g3 44. b4 cxb4 45. Bxb4 Bd4 46. Bd6 g2 47.
Bh2 g1=Q 48. Bxg1 Bxg1 49. Kd2 Bc5 50. Kc3 Be7 51. Kb3 Kd4 52. c5 Kxc5 1/2-1/2

[Event "Early-Titled-Tuesday-Blitz-June-18-2024"]
[Site "Chess.com"]
[Date "2024.06.18"]
[Round "5"]
[White "artooon"]
[Black "Dolphin_2010"]
[Result "1-0"]
[WhiteElo "3105"]
[BlackElo "2742"]
[TimeControl "180+1"]
[EndTime "8:57:17 PDT"]
[Termination "artooon won on time"]

1. e4 c6 2. d4 d5 3. e5 Bf5 4. Nc3 a6 5. g4 Bd7 6. Be3 e6 7. Nge2 h5 8. gxh5 Rxh5 9. Nf4 Rh8 10. Bd3 c5 11. Ng6 cxd4 12. Nxh8 dxe3 13. Qf3 Nh6 14. O-O Qg5+ 15. Kh1 Nc6 16. fxe3 Nxe5 17. Qe2 Bc6 18. e4 O-O-O 19. Rg1 Qh4 20. exd5 Nxd3 21. cxd3 Rxd5 22. Ne4 Rxd3 23. Rac1 Rd4 24. Rxc6+ bxc6 25. Qxa6+ Kc7 26. Qa7+ Kc8 27. Qxd4 1-0